 Dungeon Crawl Stone Soup version 0.23.0 (webtiles) character file.

Game seed: 3122004579195114188

365124 silenth the Necromancer (level 21, -8/159 HPs)
             Began as a Mummy Necromancer on Feb 16, 2019.
             Was the Champion of Ashenzari.
             Mangled by a spark wasp (15 damage)
             ... on level 3 of the Depths.
             The game lasted 03:12:05 (69048 turns).

silenth the Necromancer (Mummy Necromancer)        Turns: 69048, Time: 03:12:05

Health: -8/159     AC: 24    Str: 10    XL:     21   Next: 57%
Magic:  33/49      EV: 21    Int: 21    God:    Ashenzari [******]
Gold:   799        SH: 12    Dex: 20    Spells: 16/50 levels left

rFire    + + .     SeeInvis +   a - +6 trident of the Lame Duck {pain, +Inv MR+++ Int-2 SInv} (curse)
rCold    + + +     Gourm    .   e - +2 buckler (curse)
rNeg     + + +     Faith    .   L - +2 faerie dragon scales {rF+ rCorr Dex+4} (curse)
rPois    ∞         Spirit   .   E - +2 helmet {SInv} (curse)
rElec    .         Reflect  +   G - +2 cloak (curse)
rCorr    +         Harm     .   J - +2 pair of gloves {Dex+3} (curse)
MR       +++++     Clarity  +   I - +2 pair of boots {Stlth+} (curse)
Stlth    ++++++....             u - +4 amulet of reflection (curse)
HPRegen  0.36/turn              F - ring "Tieshog" {rC+++ MR+ MP+9 Str-2 Slay+3} (curse)
MPRegen  0.31/turn              B - ring of Haext {rF++ rC+} (curse)

@: no status effects
A: no food or potions, fire vulnerability, cold resistance 1, negative energy
resistance 3, torment resistance, unbreathing, in touch with death 1
}: 2/15 runes: decaying, gossamer
a: Curse Item, Scrying, Transfer Knowledge, Renounce Religion, Evoke
Invisibility


You were on level 3 of the Depths.
You worshipped Ashenzari.
Ashenzari was exalted by your worship.
You were not hungry.

You visited 8 branches of the dungeon, and saw 39 of its levels.
You visited 1 bazaar.
You also visited: Gauntlet and Volcano.

You collected 3630 gold pieces.
You spent 2831 gold pieces at shops.

Inventory:

Hand Weapons
 a - the cursed +6 trident of the Lame Duck (weapon) {pain, +Inv MR+++ Int-2 SInv}
   (You found it in a Gauntlet)

   In the hands of one skilled in necromantic magic, it inflicts extra damage on
   living creatures.
   It affects your intelligence (-2).
   It affects your resistance to hostile enchantments.
   It lets you see invisible.
   It lets you turn invisible.
   It has a curse placed upon it.
 b - a +6 vampiric short sword
 t - a +4 rapier of electrocution
Armour
 e - a cursed +2 buckler (worn)
 y - the cursed +0 buckler of the Stars {rElec Str+2}
   (You bought it in a shop in a bazaar)

   It affects your strength (+2).
   It insulates you from electricity.
   It has a curse placed upon it.
 E - a cursed +2 helmet of see invisible (worn)
 G - a cursed +2 cloak (worn)
 I - a cursed +2 pair of boots of stealth (worn)
 J - a cursed +2 pair of gloves of dexterity (worn)
 L - the cursed +2 faerie dragon scales (worn) {rF+ rCorr Dex+4}
   (You took it off the Enchantress on level 2 of the Depths)

   It affects your dexterity (+4).
   It protects you from fire.
   It provides partial protection from all sources of acid and corrosion.
   It has a curse placed upon it.
Jewellery
 c - the ring of Qyitioc {*Tele +Fly Dex+7 SInv Stlth-}
   (You found it on level 1 of the Lair of Beasts)

   [ring of teleportation]

   It may teleport you next to monsters.
   It affects your dexterity (+7).
   It lets you see invisible.
   It lets you fly.
   It makes you less stealthy.
 u - a cursed +4 amulet of reflection (around neck)
 x - an uncursed ring of fire
 B - the cursed ring of Haext (right hand) {rF++ rC+}
   (You bought it in a shop on level 2 of the Orcish Mines)

   [ring of protection from cold]

   It greatly protects you from fire.
   It protects you from cold.
   It has a curse placed upon it.
 F - the cursed ring "Tieshog" (left hand) {rC+++ MR+ MP+9 Str-2 Slay+3}
   (You found it in a Gauntlet)

   [ring of magical power]

   It affects your strength (-2).
   It affects your accuracy and damage with ranged weapons and melee attacks
   (+3).
   It renders you almost immune to cold.
   It affects your resistance to hostile enchantments.
   It affects your magic capacity (+9).
   It has a curse placed upon it.
Wands
 o - a wand of clouds (5)
 v - a wand of random effects (30)
 z - a wand of polymorph (2)
 A - a wand of flame (79)
 D - a wand of iceblast (7)
 H - a wand of digging (10)
 K - a wand of paralysis (6)
Scrolls
 d - 2 scrolls of silence
 g - 6 scrolls of teleportation
 h - 2 scrolls of immolation
 l - 6 scrolls of amnesia
 m - 3 scrolls of fear
 p - 5 scrolls of fog
 r - 2 scrolls of remove curse
 s - 6 scrolls of magic mapping
 w - 21 scrolls of identify
 C - a scroll of torment
Miscellaneous
 f - a phial of floods
 i - a phantom mirror
 j - a fan of gales
 k - a lightning rod (4/4)
 q - a crystal ball of energy


   Skills:
 + Level 12.2 Fighting
 + Level 6.2(10.7) Polearms
 + Level 10.6 Armour
 + Level 7.7(12.2) Dodging
 - Level 8.3(12.7) Stealth
 - Level 2.5(5.0) Shields
 - Level 15.0 Spellcasting
 - Level 12.9(17.0) Conjurations
 + Level 0.9(3.3) Summonings
 - Level 17.6(21.3) Necromancy
 - Level 6.0(10.5) Translocations
 - Level 5.1(9.5) Air Magic
 - Level 12.9(17.0) Earth Magic
 - Level 5.0(9.4) Poison Magic
 - Level 7.5(12.0) Evocations


You had 16 spell levels left.
You knew the following spells:

 Your Spells              Type           Power        Failure   Level  Hunger
a - Pain                  Necr           ####         0%          1    N/A
b - Blink                 Tloc           N/A          1%          2    N/A
c - Vampiric Draining     Necr           ########..   0%          3    N/A
d - Animate Dead          Necr           N/A          0%          4    N/A
e - Mephitic Cloud        Conj/Pois/Air  ######..     1%          3    N/A
f - Iron Shot             Conj/Erth      ######....   1%          6    N/A
g - Borgnjor's Vile Clut  Necr/Erth      #######...   1%          5    N/A
h - Death Channel         Necr           ########..   1%          6    N/A
i - Summon Lightning Spi  Summ/Air       #####...     4%          4    N/A

Your spell library contained the following spells:

 Spells                   Type           Power        Failure   Level  Hunger
 Animate Skeleton         Necr           N/A          0%          1    N/A
 Magic Dart               Conj           ####         0%          1    N/A
 Flame Tongue             Conj/Fire      #####        1%          1    N/A
 Shroud of Golubria       Chrm/Tloc      #####.....   1%          2    N/A
 Throw Flame              Conj/Fire      ######       1%          2    N/A
 Conjure Flame            Conj/Fire      ######..     1%          3    N/A
 Gell's Gravitas          Tloc           ######....   1%          3    N/A
 Portal Projectile        Hex/Tloc       #####.       1%          3    N/A
 Recall                   Summ/Tloc      N/A          1%          3    N/A
 Force Lance              Conj/Tloc      ######..     1%          4    N/A
 Leda's Liquefaction      Hex/Erth       ######....   1%          4    N/A
 Petrify                  Tmut/Erth      ######..     1%          4    N/A
 Sticky Flame             Conj/Fire      ######..     1%          4    N/A
 Bolt of Magma            Conj/Fire/Erth ######....   1%          5    N/A
 Call Imp                 Summ           ####....     2%          2    N/A
 Conjure Ball Lightning   Conj/Air       ######....   3%          6    N/A
 Confusing Touch          Hex            ###...       4%          1    N/A
 Infusion                 Chrm           ###.         4%          1    N/A
 Fireball                 Conj/Fire      ######....   4%          5    N/A
 Slow                     Hex            ###.....     6%          2    N/A
 Song of Slaying          Chrm           ###.....     6%          2    N/A
 Simulacrum               Ice/Necr       #######...   10%         6    N/A
 Dispersal                Tloc           ######....   12%         6    N/A
 Confuse                  Hex            ###.....     13%         3    N/A
 Inner Flame              Hex/Fire       ###.....     13%         3    N/A
 Spectral Weapon          Hex/Chrm       ###.....     13%         3    N/A
 Silence                  Hex/Air        #####.....   19%         5    N/A
 Deflect Missiles         Chrm/Air       #####.....   71%         6    N/A
 Metabolic Englaciation   Hex/Ice        ###.......   75%         5    N/A
 Yara's Violent Unravell  Hex/Tmut       ###.......   75%         5    N/A
 Controlled Blink         Tloc           N/A          99%         8    N/A
 Disjunction              Tloc           ######....   99%         8    N/A
 Shatter                  Erth           ######....   99%         9    N/A
 Tornado                  Air            ######....   100%        9    N/A
 Regeneration             Chrm/Necr      Unusable     N/A         3    N/A
 Statue Form              Tmut/Erth      Unusable     N/A         6    N/A

Dungeon Overview and Level Annotations

Branches:
Dungeon (15/15)            Temple (1/1) D:5            Lair (6/6) D:9
  Swamp (4/4) Lair:3       Spider (4/4) Lair:3        Slime (0/5) Lair:5
    Orc (2/2) D:11            Elf (0/3) Orc:2        Vaults (4/5) D:13
  Crypt (0/3) Vaults:3     Depths (3/5) D:15

Altars:
Ashenzari
Cheibriados
Dithmenos
Elyvilon
Fedhas
Gozag
Hepliaklqana
Kikubaaqudgha
Makhleb
Nemelex Xobeh
Okawaru
Qazlal
Ru
Sif Muna
Trog
Uskayaw
Vehumet
Wu Jian
Xom
Yredelemnul
Zin
The Shining One
Beogh
Jiyva

Shops:
D:8 !   D:12 ([(%   D:14 [%%**   Orc:2 **=?   Vaults:2 [   Vaults:3 (
Vaults:4 *   Depths:1 *

Portals:
Hell: Depths:1 Depths:2
Abyss: Depths:2

Annotations:
Lair:6 dire elephant items
Vaults:3 1 exclusion
Depths:2 1 runed translucent door


Innate Abilities, Weirdness & Mutations

You do not eat or drink.
Your flesh is vulnerable to fire.
You are immune to poison.
Your flesh is cold resistant. (rC+)
You are immune to negative energy. (rN+++)
You are immune to unholy pain and torment.
You can survive without breathing.
You are in touch with the powers of death.


Message History

Aim: a spark wasp (lightly wounded)
You feel a surge of power!
The spark wasp is heavily wounded.
You feel life coursing into your body.
A white ugly thing comes into view.
You block the spark wasp's attack.
Casting: Vampiric Draining (safe; 0% risk of failure)
Confirm with . or Enter, or press ? or * to list all spells.
Aiming: Vampiric Draining (safe; 0% risk of failure)
Press: ? - help, Shift-Dir - straight line, f/p - spark wasp
Aim: a spark wasp (heavily wounded)
You feel a surge of power!
The spark wasp is heavily wounded.
You feel life coursing into your body.
The spark wasp stings you but does no damage.
The white very ugly thing claws you but does no damage.
The spark wasp stings you!
* * * LOW HITPOINT WARNING * * *
The spark wasp shocks you!
You die...

,........................,,**
,....T...u..........##..#,*,*
,...$.....u........#*#..#****
,.........yuu.....## #.<#
,..................###.##
,......................#
,......................##
*░.............u.#......#*
*░..............@....##..#*
**..............y..(.#*#..#
**...............#...#**.##
,*..............##)......#
,*,,,....y..............#*
,*,,,*▒▒▒▒.......▒▒▒▒▒.##
**,,,*,*∆▒▒▒▒▒▒▒▒▒∆*∆*.#
**,,,**{*+*,{,,,*+*{**.#
**,,,*,***,≈≈≈≈≈,***∆*,*


You could see 3 very ugly things, 2 ugly things and 3 spark wasps.

Vanquished Creatures
  A juggernaut (Depths:2)
  Boris (4 times) (Vaults:2 Vaults:4 Depths:1 Depths:2)
  A golden dragon (Depths:1)
  the Enchantress (Depths:2)
  Arachne (Spider:2)
  2 liches
  Rupert (D:12)
  A titan (Depths:2)
  Frances (Spider:2)
  3 thorn hunters
  2 tengu reavers (Depths:2)
  Agnes (Spider:3)
  4 sphinxes
  Kirke (D:12)
  2 fire giants
  Donald (Orc:2)
  4 deep elf sorcerers
  Louise (D:15)
  An orc warlord (Orc:2)
  An iron dragon (Depths:2)
  5 ghost moths (Spider:4)
  2 frost giants (Depths:2)
  3 emperor scorpions
  11 vault wardens
  13 ironheart preservers
  8 very ugly things
  7 entropy weavers
  2 spriggan defenders (Depths:2)
  8 stone giants
  A deep elf demonologist (Vaults:4)
  A deep elf annihilator (Vaults:4)
  5 spark wasps
  5 dire elephants (Lair:6)
  Snorg (Lair:5)
  2 deep elf death magi (Vaults:4)
  4 ettins
  4 fire dragons
  8 yaktaur captains
  4 great orbs of eyes
  A merfolk impaler (Depths:1)
  4 ice dragons
  Harold (D:9)
  4 vault guards
  6 hydras
  6 rakshasas
  A spriggan air mage (Depths:2)
  A catoblepas (Gauntlet)
  8 centaur warriors
  A death knight (Vaults:2)
  2 shambling mangroves
  An anaconda (Lair:6)
  A hydra (shapeshifter) (D:15)
  31 two-headed ogres
  8 alligators
  2 vampire magi
  5 deep troll shamans
  A queen ant (D:10)
  6 deep troll earth magi
  3 tengu warriors
  8 ogre magi
  2 spriggan berserkers (Depths:2)
  2 orc high priests (Orc:2)
  5 deep elf knights
  6 hell knights (Vaults:4)
  2 soul eaters (Vaults:3)
  An iron troll (Depths:1)
  16 skeletal warriors
  A shadow wraith (Vaults:4)
  15 deep trolls
  5 unseen horrors
  3 swamp dragons
  A flayed ghost (Vaults:3)
  A deep elf archer (Vaults:2)
  2 glowing orange brains
  10 orc knights
  4 wizards
  11 ironbrand convokers
  8 orb spiders
  Pikel (D:7)
  2 harpies (Vaults:2)
  5 necromancers
  3 wolf spider zombies
  A frost giant zombie (Depths:1)
  20 wolf spiders
  10 deep elf magi
  6 orc sorcerers
  A moth of wrath (Spider:4)
  4 cyclopes
  28 ugly things
  12 elephants
  9 vault sentinels
  2 human skeletons
  3 black mambas
  2 centaur zombies
  2 gargoyles
  3 torpor snails
  18 spiny frogs
  2 centaur skeletons
  An efreet (D:14)
  2 rime drakes
  5 kobold demonologists
  A human zombie (Vaults:4)
  34 yaktaurs
  10 freezing wraiths
  7 demonic crawlers
  A yaktaur (shapeshifter) (Vaults:3)
  A yaktaur skeleton (Vaults:2)
  A komodo dragon (Lair:5)
  A tengu conjurer (Depths:1)
  6 jumping spiders
  3 meliai (D:15)
  A queen bee (Gauntlet)
  5 trolls
  11 tyrant leeches
  12 blink frogs
  16 hornets
  A wind drake (shapeshifter) (Depths:2)
  An ettin zombie (Vaults:1)
  30 slime creatures
  6 dream sheep
  2 bog bodies (Swamp:3)
  14 hippogriffs
  A redback (shapeshifter) (Depths:1)
  5 spriggans
  7 shadows
  A wraith (D:15)
  A spriggan (shapeshifter) (Depths:2)
  Eustachio (D:5)
  A vampire (D:10)
  28 tarantellas
  2 hogs (D:11)
  47 redbacks
  2 wyverns
  34 yaks
  8 humans (D:13)
  5 swamp worm simulacra (Swamp:4)
  5 vampire mosquitoes
  A hungry ghost (D:9)
  8 wargs
  7 insubstantial wisps
  14 swamp worms
  2 acid dragons (Vaults:2)
  10 water moccasins
  19 soldier ants
  16 hydra simulacra (Swamp:4)
  A floating eye (Depths:2)
  Duvessa (D:7)
  11 porcupines
  2 eyes of draining (shapeshifter) (Depths:1)
  5 ice beasts
  59 orc warriors
  An ettin simulacrum (Vaults:1)
  An eye of draining (D:9)
  5 swamp drakes
  A meliai simulacrum (D:13)
  An orc zombie (Vaults:1)
  6 sky beasts
  A deep troll simulacrum (Depths:1)
  An orc skeleton (Vaults:1)
  2 phantoms
  14 boggarts
  A boggart (shapeshifter) (Depths:1)
  23 ogres
  20 centaurs
  9 crocodiles
  A yaktaur zombie (Depths:1)
  3 big kobolds
  A gnoll sergeant (D:9)
  17 bullfrogs
  Dowan (D:7)
  2 scorpions
  21 killer bees
  6 howler monkeys
  16 wights
  7 crimson imps
  2 quasits
  2 jellies (D:10)
  29 orc priests
  A yaktaur simulacrum (Vaults:1)
  3 hounds
  A bullfrog skeleton (D:12)
  22 orc wizards
  6 iguanas
  Natasha (twice) (D:3)
  31 worker ants
  A hound zombie (D:7)
  2 hound skeletons
  A howler monkey skeleton (D:6)
  14 gnolls
  12 adders
  3 shadow imps
  An ooze (D:3)
  A swamp drake simulacrum (Swamp:4)
  2 adder skeletons
  5 worms
  2 dart slugs
  3 leopard geckos
  107 orcs
  3 giant cockroaches
  11 hobgoblins
  12 kobolds
  3 quokkas
  A ball python (D:7)
  10 bats
  A frilled lizard (shapeshifter) (Vaults:2)
  2 frilled lizards
  2 goblins (D:1)
  A jackal skeleton (D:6)
  A leopard gecko skeleton (D:4)
  4 rats (D:2)
  2 plants (Lair:6)
1401 creatures vanquished.

Vanquished Creatures (collateral kills)
  Nikola (Depths:1)
  A lich (Depths:2)
  A fire giant (Vaults:4)
  A vault warden (Vaults:2)
  A frost giant (Vaults:3)
  An orc warlord (Orc:2)
  2 ghost moths (Spider:4)
  3 emperor scorpions
  An ironheart preserver (Vaults:2)
  A stone giant (Depths:2)
  A very ugly thing (Swamp:4)
  2 entropy weavers (Spider:4)
  A vampire knight (Depths:2)
  A deep elf demonologist (Vaults:4)
  A crystal guardian (Vaults:4)
  An ettin (Vaults:4)
  A rakshasa (Vaults:3)
  A yaktaur captain (Vaults:4)
  A hydra (D:13)
  A spriggan air mage (Depths:2)
  A vault guard (D:13)
  6 two-headed ogres
  4 ogre magi
  An alligator (Swamp:2)
  A centaur warrior (Vaults:2)
  2 orc high priests (Orc:2)
  3 deep troll shamans
  A deep troll earth mage (Depths:2)
  A spriggan berserker (Depths:2)
  3 spriggans
  4 deep elf knights (Vaults:4)
  A deep troll (Vaults:2)
  A spriggan druid (Swamp:3)
  2 swamp dragons
  2 deep elf archers (Vaults:4)
  3 orc knights
  2 necromancers (Vaults:4)
  A tengu zombie (Vaults:1)
  A phantasmal warrior (Vaults:3)
  5 ugly things
  A frost giant zombie (Vaults:4)
  8 orb spiders
  7 wolf spiders
  A cyclops (D:13)
  A moth of wrath (Spider:4)
  3 elephants
  5 vault sentinels
  A black mamba (Lair:3)
  4 spiny frogs
  A human zombie (Vaults:2)
  5 demonic crawlers
  A komodo dragon (Lair:4)
  7 yaktaurs
  A freezing wraith (Swamp:4)
  3 trolls
  10 jumping spiders
  6 hornets
  3 hippogriffs
  A tyrant leech (Lair:3)
  2 bog bodies (Swamp:1)
  A dream sheep (Lair:4)
  3 blink frogs
  9 slime creatures
  32 redbacks
  4 yaks
  21 tarantellas
  A wyvern (D:13)
  A human (D:13)
  2 vampire mosquitoes (Swamp:4)
  A soldier ant (D:10)
  2 insubstantial wisps (Swamp:2)
  An acid dragon (Vaults:2)
  4 water moccasins
  A porcupine (Lair:3)
  6 orc warriors
  An ice beast (shapeshifter) (Vaults:4)
  9 ogres
  2 necrophages
  A centaur (D:11)
  2 crocodiles
  4 bullfrogs
  A human skeleton (Vaults:2)
  A killer bee (D:10)
  2 wights (D:13)
  2 howler monkeys
  3 crimson imps
  3 orc priests
  A jelly (D:10)
  2 orc wizards
  Natasha (D:3)
  A worker ant (D:8)
  2 gnolls
  3 adders
  2 swamp drake simulacra (Swamp:4)
  16 orcs
  A giant cockroach (D:8)
  2 kobolds
291 creatures vanquished.

Vanquished Creatures (others)
  An azure jelly (Swamp:4)
  A spriggan defender (Depths:2)
  A minotaur (Gauntlet)
  A vault guard (D:13)
  2 yaktaur captains
  An alligator (Swamp:4)
  3 centaur warriors
  3 yaktaurs
  A hornet (Swamp:3)
  A spriggan skeleton (Depths:1)
  A swamp drake (Swamp:4)
  A centaur (D:15)
  A scorpion (D:7)
  A jelly (D:7)
  A kobold (D:14)
  17 fungi
  10 plants
47 creatures vanquished.

Grand Total: 1739 creatures vanquished

Notes
Turn   | Place    | Note
-------+----------+-------------------------------------------
     0 | D:1      | silenth the Mummy Necromancer began the quest for the Orb.
     0 | D:1      | Reached XP level 1. HP: 13/13 MP: 4/4
   202 | D:1      | Learned a level 1 spell: Animate Skeleton
   358 | D:1      | Reached skill level 3 in Spellcasting
   358 | D:1      | Reached XP level 2. HP: 19/19 MP: 3/6
   402 | D:1      | You fall through a shaft!
   430 | D:2      | Found a sacrificial altar of Ru.
   431 | D:2      | Found a shattered altar of Ashenzari.
   431 | D:2      | Found a white marble altar of Elyvilon.
   433 | D:2      | Found a snail-covered altar of Cheibriados.
   693 | D:2      | Found a hazy altar of Hepliaklqana.
   774 | D:2      | Reached XP level 3. HP: 24/24 MP: 3/7
  1312 | D:1      | Reached skill level 5 in Necromancy
  1820 | D:2      | Learned a level 3 spell: Vampiric Draining
  1836 | D:2      | Reached XP level 4. HP: 30/30 MP: 5/9
  2071 | D:2      | Reached skill level 4 in Spellcasting
  2655 | D:3      | Noticed Natasha
  2657 | D:3      | Killed Natasha
  2657 | D:3      | Reached XP level 5. HP: 35/35 MP: 8/11
  2958 | D:3      | Found a shattered altar of Ashenzari.
  3264 | D:3      | Noticed Natasha
  3265 | D:3      | Became a worshipper of Ashenzari the Shackled
  3372 | D:3      | Killed Natasha
  3372 | D:3      | Reached skill level 6 in Necromancy
  3392 | D:3      | Noticed Natasha
  3401 | D:3      | Killed Natasha
  3621 | D:4      | Noticed an ogre
  3817 | D:4      | Killed an ogre
  3817 | D:4      | Reached skill level 1 in Armour
  3817 | D:4      | Reached XP level 6. HP: 36/41 MP: 13/13
  3846 | D:4      | Reached skill level 5 in Spellcasting
  4364 | D:5      | Entered Level 5 of the Dungeon
  4367 | D:5      | Found a staircase to the Ecumenical Temple.
  4398 | Temple   | Entered the Ecumenical Temple
  4690 | D:5      | Reached skill level 7 in Necromancy
  4811 | D:5      | Noticed a sky beast
  4831 | D:5      | Killed a sky beast
  4831 | D:5      | Reached skill level 2 in Armour
  4831 | D:5      | Reached XP level 7. HP: 18/46 MP: 3/14
  5120 | D:5      | Noticed Eustachio
  5136 | D:5      | Killed Eustachio
  5136 | D:5      | Reached skill level 8 in Necromancy
  5298 | D:5      | Reached skill level 3 in Armour
  5605 | D:6      | Reached skill level 1 in Evocations
  5605 | D:6      | Reached XP level 8. HP: 53/53 MP: 10/15
  5627 | D:6      | Reached skill level 1 in Fighting
  5627 | D:6      | Reached skill level 2 in Stealth
  5655 | D:6      | Identified the +5 quarterstaff "Jumyo" {flame, MR+}
  6037 | D:6      | Reached * piety under Ashenzari
  6467 | D:6      | Reached skill level 2 in Fighting
  6467 | D:6      | Reached skill level 2 in Evocations
  6570 | D:6      | Found a glowing silver altar of Zin.
  6763 | D:7      | Reached skill level 9 in Necromancy
  6763 | D:7      | Noticed Dowan
  6801 | D:7      | Reached skill level 3 in Stealth
  6809 | D:7      | Killed Dowan
  6842 | D:7      | Noticed Duvessa
  6859 | D:7      | Killed Duvessa
  6870 | D:7      | Reached skill level 3 in Fighting
  7055 | D:7      | Reached XP level 9. HP: 53/63 MP: 14/16
  7162 | D:7      | Noticed Pikel
  7182 | D:7      | Killed Pikel
  7182 | D:7      | Reached skill level 1 in Short Blades
  7182 | D:7      | Reached skill level 10 in Necromancy
  7182 | D:7      | Reached skill level 3 in Evocations
  7529 | D:8      | Found Upeiklemn's Distillery.
  7610 | D:8      | Reached skill level 2 in Short Blades
  7846 | D:8      | Reached skill level 3 in Short Blades
  7850 | D:8      | Reached skill level 11 in Necromancy
  7863 | D:8      | Learned a level 2 spell: Blink
  7868 | D:8      | Learned a level 4 spell: Animate Dead
  7872 | D:8      | Learned a level 3 spell: Mephitic Cloud
  8274 | D:8      | Reached skill level 1 in Conjurations
  8300 | D:8      | Reached skill level 1 in Translocations
  8300 | D:8      | Reached XP level 10. HP: 59/70 MP: 2/17
  8445 | D:8      | Reached skill level 1 in Poison Magic
  8446 | D:8      | Reached skill level 1 in Air Magic
  9236 | D:9      | Found a staircase to the Lair.
  9643 | D:9      | Reached skill level 2 in Conjurations
  9697 | D:9      | Reached skill level 2 in Translocations
  9725 | D:9      | Reached skill level 2 in Air Magic
  9743 | D:9      | Reached skill level 2 in Poison Magic
  9884 | D:9      | Found a glowing golden altar of the Shining One.
 10031 | D:9      | Reached ** piety under Ashenzari
 10116 | D:9      | Noticed Harold
 10147 | D:9      | Killed Harold
 10147 | D:9      | Reached skill level 4 in Short Blades
 10147 | D:9      | Reached skill level 4 in Stealth
 10275 | D:10     | Entered Level 10 of the Dungeon
 10391 | D:10     | Reached skill level 2 in Dodging
 10410 | D:9      | Reached skill level 3 in Translocations
 10528 | D:10     | Reached skill level 4 in Armour
 10765 | D:10     | Reached XP level 11. HP: 66/75 MP: 18/18
 10852 | D:10     | Reached skill level 5 in Stealth
 11186 | D:10     | Reached skill level 3 in Conjurations
 11277 | D:10     | Reached skill level 4 in Translocations
 11497 | D:10     | Noticed a queen ant
 11530 | D:10     | Killed a queen ant
 11530 | D:10     | Reached skill level 5 in Armour
 11530 | D:10     | Reached skill level 6 in Spellcasting
 11764 | D:10     | Identified the cursed +1 chain mail of Duck's Teeth {rPois
                  | rC- MR- Int+9}
 11848 | D:10     | Reached skill level 4 in Conjurations
 11918 | D:10     | Reached skill level 7 in Spellcasting
 12714 | D:11     | Found a staircase to the Orcish Mines.
 13098 | D:11     | Noticed an unseen horror
 13116 | D:11     | Killed an unseen horror
 13125 | D:11     | Got the dagger of Callousness {speed, rElec rPois}
 13126 | D:11     | Identified the +6 dagger of Callousness {speed, rElec
                  | rPois} (You found it on level 11 of the Dungeon)
 13204 | D:11     | Noticed a two-headed ogre
 13212 | D:11     | Killed a two-headed ogre
 13822 | Lair:1   | Entered Level 1 of the Lair of Beasts
 13852 | Lair:1   | Reached XP level 12. HP: 19/83 MP: 2/23
 14396 | D:9      | Reached skill level 3 in Dodging
 14729 | D:9      | Reached skill level 4 in Fighting
 14744 | D:9      | Reached skill level 6 in Armour
 14894 | D:9      | Reached skill level 3 in Air Magic
 15095 | Lair:1   | Reached skill level 3 in Poison Magic
 15108 | Lair:1   | Reached skill level 4 in Evocations
 15128 | Lair:1   | Identified the ring of Qyitioc {*Tele +Fly Dex+7 SInv
                  | Stlth-}
 15327 | Lair:1   | Noticed a six-headed hydra
 15466 | Lair:1   | Noticed a seven-headed hydra
 16034 | D:9      | Killed a seven-headed hydra
 16128 | Lair:1   | Reached *** piety under Ashenzari
 16241 | Lair:1   | Reached skill level 8 in Spellcasting
 16876 | Lair:2   | Reached skill level 5 in Translocations
 17783 | Lair:3   | Reached skill level 5 in Conjurations
 17828 | Lair:3   | Reached **** piety under Ashenzari
 17836 | Lair:3   | Identified the +1 leather armour of the Purple Skies {rC+
                  | MR- SInv Stlth+}
 17857 | Lair:3   | Reached skill level 6 in Stealth
 18240 | Lair:3   | Found a hole to the Spider Nest.
 19008 | Lair:3   | Found a staircase to the Swamp.
 19188 | Lair:4   | Reached skill level 5 in Fighting
 19197 | Lair:4   | Found a dark tunnel.
 19270 | Volcano  | Entered a volcano
 19286 | Volcano  | Noticed a centaur warrior
 19295 | Volcano  | Killed a centaur warrior
 19295 | Volcano  | Gained mutation: You are in touch with the powers of death.
                  | [Mummy growth]
 19295 | Volcano  | Reached XP level 13. HP: 36/91 MP: 25/25
 19302 | Volcano  | HP: 7/91 [something (10)]
 19657 | Volcano  | Found a radiant altar of Vehumet.
 19660 | Volcano  | Noticed a red draconian
 20351 | Lair:4   | Reached skill level 4 in Air Magic
 20375 | Lair:4   | Reached skill level 4 in Poison Magic
 21417 | Lair:5   | Found a viscous altar of Jiyva.
 21418 | Lair:5   | Found a staircase to the Slime Pits.
 21626 | Lair:5   | Noticed Snorg
 21639 | Lair:5   | Killed Snorg
 21639 | Lair:5   | Reached skill level 5 in Evocations
 22105 | Lair:6   | Entered Level 6 of the Lair of Beasts
 22107 | Lair:6   | Identified the +7 plate armour of Protective Custody
                  | {Regen+ Str-5 Int+5 Stlth+}
 22497 | Lair:5   | Reached skill level 9 in Spellcasting
 23989 | Lair:6   | Reached skill level 6 in Fighting
 24336 | Lair:6   | Reached skill level 6 in Translocations
 24968 | Lair:6   | Reached ***** piety under Ashenzari
 25171 | Lair:6   | Reached skill level 1 in Shields
 25171 | Lair:6   | Reached skill level 12 in Necromancy
 25585 | Lair:6   | Reached skill level 7 in Stealth
 26172 | D:12     | Noticed Kirke
 26176 | D:12     | Noticed a sphinx
 26209 | D:11     | Reached skill level 6 in Conjurations
 26295 | D:12     | Found Emax's Antique Weapon Shoppe.
 26320 | D:12     | Reached XP level 14. HP: 98/100 MP: 27/27
 26421 | D:12     | Reached skill level 2 in Shields
 26431 | D:12     | Reached skill level 5 in Poison Magic
 26636 | D:12     | Found Qingash's Armour Shop.
 26703 | D:12     | Found Inurony's Antique Weapon Emporium.
 26707 | D:12     | Found Syramoul's Food Shoppe.
 26762 | D:12     | Noticed Rupert
 26792 | D:12     | Killed Rupert
 26792 | D:12     | Reached skill level 5 in Air Magic
 26970 | D:12     | Killed Kirke
 26970 | D:12     | Reached skill level 6 in Evocations
 27202 | D:12     | Reached skill level 7 in Fighting
 28603 | D:13     | Learned a level 6 spell: Iron Shot
 28749 | D:13     | Reached skill level 7 in Conjurations
 28871 | D:13     | Reached skill level 1 in Earth Magic
 28963 | D:13     | Found a gate to the Vaults.
 29115 | D:14     | Found Waongu's Food Boutique.
 29299 | D:14     | Found Opruorog's General Store.
 29626 | D:14     | Bought a scroll of remove curse for 57 gold pieces
 29626 | D:14     | Bought a scroll of remove curse for 57 gold pieces
 29682 | D:14     | Found Qaemue's Assorted Antiques.
 29687 | D:14     | Bought 3 scrolls labeled GEITTO DADD for 87 gold pieces
 29687 | D:14     | Bought a scroll labeled LUOFIU CYATT for 29 gold pieces
 29747 | D:14     | Reached skill level 8 in Fighting
 29747 | D:14     | Reached skill level 7 in Evocations
 29846 | D:14     | Reached skill level 2 in Earth Magic
 30365 | D:14     | Found Upniecikog's Armour Shop.
 30373 | D:14     | Bought a +1 helmet of see invisible for 280 gold pieces
 30424 | D:14     | Found Ihu Woaz's Food Emporium.
 30645 | D:15     | Entered Level 15 of the Dungeon
 30742 | D:15     | Reached skill level 3 in Earth Magic
 30853 | D:15     | Found a gate leading to a gauntlet.
 31025 | Gauntlet | Entered a Gauntlet
 31025 | Gauntlet | Found a transporter.
 31025 | Gauntlet | Found a transporter.
 31025 | Gauntlet | Found a transporter.
 31035 | Gauntlet | Found a transporter.
 31038 | Gauntlet | Found a transporter.
 31047 | Gauntlet | Identified the +7 quarterstaff "Pikk" {crush, +Inv rElec
                  | rF+ MR+}
 31049 | Gauntlet | Found a transporter.
 31057 | Gauntlet | Found a transporter.
 31057 | Gauntlet | Noticed an entropy weaver
 31058 | Gauntlet | Identified the ring "Tieshog" {rC+++ MR+ MP+9 Str-2 Slay+3}
 31075 | Gauntlet | Found a transporter.
 31077 | Gauntlet | Identified the ring "Hiekeewk" {rCorr Str+9 Dex-2}
 31092 | Gauntlet | Found a transporter.
 31095 | Gauntlet | Found a transporter.
 31105 | Gauntlet | Found a transporter.
 31115 | Gauntlet | Identified the +0 pair of boots of Pride {rElec MR- Str+8}
 31154 | Gauntlet | Found a transporter.
 31448 | Gauntlet | Killed an entropy weaver
 31448 | Gauntlet | Reached skill level 4 in Dodging
 31557 | Gauntlet | Identified the +6 trident of the Lame Duck {pain, +Inv
                  | MR+++ Int-2 SInv}
 31618 | D:15     | Reached XP level 15. HP: 112/112 MP: 28/28
 31621 | D:15     | Reached skill level 8 in Conjurations
 31628 | D:15     | Reached skill level 9 in Fighting
 31851 | D:15     | Reached skill level 4 in Earth Magic
 32044 | D:15     | Noticed Louise
 32138 | D:15     | Killed Louise
 33858 | D:15     | Noticed a ghost moth
 33858 | D:15     | an alligator changed into a ghost moth
 33861 | D:15     | a ghost moth changed into an entropy weaver
 33862 | D:15     | Noticed a ghost moth
 33862 | D:15     | an entropy weaver changed into a ghost moth
 33865 | D:15     | a ghost moth changed into a death yak
 33918 | D:15     | Reached skill level 5 in Earth Magic
 33994 | D:15     | HP: 3/115 [enormous slime creature (73)]
 34596 | D:15     | Found a staircase to the Depths.
 34713 | Orc:1    | Entered Level 1 of the Orcish Mines
 35018 | Orc:2    | Entered Level 2 of the Orcish Mines
 35065 | Orc:2    | Reached skill level 10 in Fighting
 35192 | Orc:2    | Noticed Donald
 35203 | Orc:2    | Killed Donald
 35203 | Orc:2    | Reached skill level 9 in Conjurations
 35890 | Orc:2    | Found a staircase to the Elven Halls.
 36227 | Orc:2    | Found Sepetuum's Magic Scroll Boutique.
 36295 | Orc:2    | Found a roughly hewn altar of Beogh.
 36312 | Orc:2    | Reached skill level 6 in Earth Magic
 36440 | Orc:2    | Found Houhyux's Jewellery Shop.
 37235 | Orc:1    | Noticed an orc warlord
 37284 | Orc:2    | Killed an orc warlord
 37876 | Orc:2    | Found Haaj's Assorted Antiques.
 37962 | Orc:2    | Noticed an orc warlord
 38037 | Orc:2    | Killed an orc warlord
 38037 | Orc:2    | Reached skill level 11 in Fighting
 38037 | Orc:2    | Reached skill level 7 in Earth Magic
 38115 | Orc:2    | Found Irebim's General Store.
 38209 | Orc:2    | Found a roughly hewn altar of Beogh.
 38576 | Orc:2    | Bought a wand of acid (7) for 240 gold pieces
 38576 | Orc:2    | Bought a leatherbound book for 450 gold pieces
 38610 | Orc:2    | Bought a scroll of remove curse for 39 gold pieces
 38891 | Lair:6   | Reduced skill Short Blades to level 3
 38891 | Lair:6   | Reached skill level 1 in Polearms
 38891 | Lair:6   | Reached XP level 16. HP: 120/125 MP: 17/29
 39163 | Lair:6   | Reached skill level 2 in Polearms
 39369 | Lair:6   | Reduced skill Short Blades to level 2
 39369 | Lair:6   | Reached skill level 3 in Polearms
 39374 | Lair:6   | Reduced skill Short Blades to level 1
 39399 | Lair:6   | Learned a level 5 spell: Borgnjor's Vile Clutch
 39406 | Lair:6   | Learned a level 6 spell: Death Channel
 39509 | Lair:6   | Reduced skill Short Blades to level 0
 39509 | Lair:6   | Reached skill level 4 in Polearms
 39755 | Swamp:1  | Entered Level 1 of the Swamp
 40391 | Swamp:1  | Reached skill level 8 in Earth Magic
 40927 | Swamp:2  | Reached skill level 10 in Spellcasting
 42285 | Swamp:3  | Noticed a thorn hunter
 42307 | Swamp:3  | Killed a thorn hunter
 42307 | Swamp:3  | Reached skill level 9 in Earth Magic
 43620 | Swamp:4  | Entered Level 4 of the Swamp
 43864 | Swamp:4  | Noticed a thorn hunter
 43885 | Swamp:4  | Killed a thorn hunter
 43885 | Swamp:4  | Reached skill level 11 in Spellcasting
 44429 | Swamp:4  | Reached ****** piety under Ashenzari
 44625 | Swamp:4  | Identified the +6 hunting sling of Eternal War {velocity,
                  | rElec rPois Int+2 Dex+2}
 45259 | Swamp:4  | Noticed a thorn hunter
 45277 | Swamp:4  | Killed a thorn hunter
 45719 | Swamp:4  | Reached skill level 13 in Necromancy
 45724 | Swamp:4  | Reached skill level 10 in Earth Magic
 45988 | Swamp:4  | Got a decaying rune of Zot
 46401 | Spider:1 | Entered Level 1 of the Spider Nest
 46761 | Spider:1 | Identified the cursed +2 great mace "Vilar" {crush, Dex+4
                  | Stlth+}
 46984 | Spider:1 | Reached XP level 17. HP: 131/131 MP: 32/32
 48031 | Spider:2 | Identified the +3 scale mail "Gany" {SInv}
 48186 | Spider:2 | Noticed Frances
 48195 | Spider:2 | Killed Frances
 48619 | Spider:2 | Noticed Arachne
 48632 | Spider:2 | Killed Arachne
 48689 | Spider:2 | Reached skill level 7 in Armour
 49090 | Spider:3 | Reached skill level 12 in Spellcasting
 49094 | Spider:3 | Noticed Agnes
 49109 | Spider:3 | Killed Agnes
 49109 | Spider:3 | Reached skill level 5 in Dodging
 49514 | Spider:4 | Entered Level 4 of the Spider Nest
 49561 | Spider:4 | Reached skill level 10 in Conjurations
 50426 | Spider:4 | Reached skill level 6 in Dodging
 50451 | Spider:4 | Reached skill level 8 in Armour
 50564 | Spider:4 | Reached skill level 14 in Necromancy
 51223 | Spider:4 | Reached XP level 18. HP: 131/138 MP: 12/34
 51241 | Spider:4 | Got a gossamer rune of Zot
 51747 | Vaults:1 | Entered Level 1 of the Vaults
 51884 | Vaults:1 | Reached skill level 9 in Armour
 51901 | Vaults:1 | Found a flickering gateway to a bazaar.
 51911 | Bazaar   | Entered a bazaar
 51913 | Bazaar   | Found Puru's Jewellery Boutique.
 51917 | Bazaar   | Found Ubyelul's Antique Armour Boutique.
 51917 | Bazaar   | Found Ingynn's Antique Weapon Boutique.
 51918 | Bazaar   | Found Ytaikhloe's Antique Armour Boutique.
 51948 | Bazaar   | Bought a crude buckler for 180 gold pieces
 51948 | Bazaar   | Identified the cursed +0 buckler of the Stars {rElec Str+2}
                  | (You bought it in a shop in a bazaar)
 51948 | Bazaar   | Bought a pair of runed gloves for 142 gold pieces
 51953 | Bazaar   | Bought a pair of runed gloves for 270 gold pieces
 52526 | Vaults:1 | Reached skill level 15 in Necromancy
 52985 | Vaults:1 | Identified the +4 ring mail of the Falcon {rC- MR++}
 53921 | Vaults:2 | Noticed Boris
 53934 | Vaults:2 | Killed Boris
 53934 | Vaults:2 | Reached skill level 16 in Necromancy
 54867 | Vaults:2 | Reached skill level 17 in Necromancy
 55750 | Vaults:2 | Reached XP level 19. HP: 93/143 MP: 16/35
 55970 | Vaults:2 | Found Hosi's Antique Armour Boutique.
 55978 | Vaults:2 | Bought a pair of embroidered boots for 157 gold pieces
 57812 | Vaults:3 | HP: 10/143 [fire giant/fireball (56)]
 58282 | Vaults:3 | Reached skill level 11 in Earth Magic
 58283 | Vaults:3 | Reached skill level 13 in Spellcasting
 58405 | Vaults:3 | Found a staircase to the Crypt.
 58452 | Vaults:3 | Found Cekyur's Antique Weapon Shoppe.
 58488 | Vaults:3 | Reached skill level 11 in Conjurations
 59489 | Vaults:3 | HP: 13/143 [vault warden/+0 halberd (35)]
 60435 | Vaults:4 | Noticed a lich
 60893 | Vaults:4 | Killed a lich
 61169 | Vaults:4 | Reached skill level 14 in Spellcasting
 61434 | Vaults:4 | Reached XP level 20. HP: 132/150 MP: 26/38
 61626 | Vaults:4 | Reached skill level 12 in Earth Magic
 61674 | Vaults:4 | Noticed Boris
 62020 | Vaults:4 | Killed Boris
 62020 | Vaults:4 | Reached skill level 12 in Conjurations
 62108 | Vaults:4 | Found Guugaun's General Store.
 62767 | Depths:1 | Entered Level 1 of the Depths
 62812 | Depths:1 | Noticed Boris
 63364 | Depths:1 | Killed Boris
 64025 | Depths:1 | Found Ykenop's General Store.
 64028 | Depths:1 | Bought a scroll of remove curse for 51 gold pieces
 64568 | Depths:1 | Noticed Nikola
 64767 | Depths:1 | Killed Nikola
 65530 | Depths:1 | Reached skill level 5 in Polearms
 65541 | Depths:1 | Reached skill level 10 in Armour
 65596 | Depths:1 | Noticed a golden dragon
 65958 | Orc:2    | Bought the ring of Haext {rF++ rC+} for 792 gold pieces
 66228 | Depths:1 | Killed a golden dragon
 66228 | Depths:1 | Reached skill level 7 in Dodging
 66360 | Depths:1 | Found a sacrificial altar of Ru.
 66644 | Depths:1 | Found a gateway to Hell.
 66997 | Depths:2 | Noticed Boris
 67020 | Depths:2 | Killed Boris
 67198 | Depths:2 | Paralysed by a floating eye for 2 turns
 67205 | Depths:2 | Paralysed by a floating eye for 4 turns
 67287 | Depths:2 | Reached XP level 21. HP: 99/158 MP: 39/39
 67430 | Depths:2 | Found a one-way gate to the infinite horrors of the Abyss.
 67756 | Depths:2 | Reached skill level 8 in Stealth
 67817 | Depths:2 | Found a runed translucent door.
 67979 | Depths:2 | Found a runed translucent door.
 67979 | Depths:2 | Found a runed translucent door.
 68110 | Depths:2 | Identified the +2 faerie dragon scales {rF+ rCorr Dex+4}
 68110 | Depths:2 | Noticed the Enchantress
 68119 | Depths:2 | Reached skill level 12 in Fighting
 68122 | Depths:2 | Killed the Enchantress
 68450 | Depths:2 | Reached skill level 6 in Polearms
 68546 | Depths:2 | Noticed a juggernaut
 68563 | Depths:2 | Killed a juggernaut
 68717 | Depths:2 | Learned a level 4 spell: Summon Lightning Spire
 68755 | Depths:2 | Reached skill level 15 in Spellcasting
 69044 | Depths:3 | HP: 9/159 [spark wasp/living lightning (16)]
 69048 | Depths:3 | Mangled by a spark wasp

Skill      XL: |  1  2  3  4  5  6  7  8  9 10 11 12 13 14 15 16 17 18 19 20 21 |
---------------+----------------------------------------------------------------+-----
Spellcasting   | 3 4 5 7 8 9 11 12 14 15 | 15.0
Necromancy     | 5 6 7 8 9 11 12 13 14 17 | 17.6
Armour         | 1 2 3 4 5 6 8 9 10 | 10.6
Evocations     | 1 2 3 4 5 7 |  7.5
Fighting       | 3 5 6 8 11 12 | 12.2
Stealth        | 3 4 5 6 7 8 |  8.3
Short Blades   | 3 4 3 0 |  0.0
Conjurations   | 1 2 4 5 6 7 9 10 11 12 | 12.9
Translocations | 1 3 4 5 6 |  6.0
Poison Magic   | 2 3 4 5 |  5.0
Air Magic      | 2 3 4 5 |  5.1
Dodging        | 2 3 4 6 7 |  7.7
Shields        | 1 2 |  2.5
Earth Magic    | 3 7 10 11 12 | 12.9
Polearms       | 1 4 5 6 |  6.2
Summonings     | |  0.9

Action                   |  1- 3 |  4- 6 |  7- 9 | 10-12 | 13-15 | 16-18 | 19-21 || total
-------------------------+-------+-------+-------+-------+-------+-------+-------++-------
Melee: Unarmed           |     1 |       |       |       |       |       |       ||     1
       Short sword       |    24 |    87 |   321 |  1687 |  3431 |       |       ||  5550
       Quarterstaff      |       |       |    53 |       |       |       |       ||    53
       Dagger            |       |       |     5 |       |       |       |       ||     5
       Trident           |       |       |       |       |       |  1825 |  1207 ||  3032
 Cast: Pain              |    70 |    82 |    83 |   160 |   180 |     2 |     1 ||   578
       Animate Skeleton  |     3 |     8 |    15 |    20 |    15 |       |       ||    61
       Vampiric Draining |       |     7 |    19 |   136 |   247 |   154 |   120 ||   683
       Animate Dead      |       |       |       |    21 |    57 |    48 |    37 ||   163
       Blink             |       |       |       |    14 |    36 |    21 |    11 ||    82
       Mephitic Cloud    |       |       |       |     1 |    20 |     4 |     3 ||    28
       Borgnjor's Vile C |       |       |       |       |       |    44 |    70 ||   114
       Death Channel     |       |       |       |       |       |     8 |    13 ||    21
       Iron Shot         |       |       |       |       |       |     3 |    18 ||    21
Invok: Curse Item        |       |     1 |     2 |     1 |     6 |     2 |     4 ||    16
       Transfer Knowledg |       |       |       |       |     1 |       |       ||     1
 Abil: Evoke Flight      |       |       |       |       |     1 |       |       ||     1
Evoke: Wand              |       |     1 |    16 |    38 |    82 |    36 |    18 ||   191
       Fan of gales      |       |       |       |     1 |       |       |       ||     1
       Phial of floods   |       |       |       |       |       |       |     5 ||     5
  Use: Scroll            |       |     8 |     6 |     5 |    13 |     4 |    10 ||    46
 Stab: Sleeping          |     1 |       |       |       |     8 |    11 |     6 ||    26
       Paralysed         |       |     5 |    12 |    10 |    19 |    11 |       ||    57
       Distracted        |       |       |     1 |     6 |    14 |    14 |    19 ||    54
       Confused          |       |       |       |       |    14 |     3 |       ||    17
       Held in net/web   |       |       |       |       |       |     1 |       ||     1
Armor: Robe              |     5 |     9 |       |       |       |       |       ||    14
       Pearl dragon scal |       |    55 |   317 |  1306 |  1785 |  1312 |   516 ||  5291
       Acid dragon scale |       |       |       |       |       |       |    25 ||    25
Dodge: Dodged            |    26 |    58 |   192 |   907 |  1275 |   835 |   517 ||  3810
Block: Buckler           |       |       |       |       |  1064 |  1091 |   558 ||  2713
       Other             |       |       |       |       |    45 |       |       ||    45
       Reflection        |       |       |       |       |    24 |    33 |    62 ||   119
